 Dungeon Crawl Stone Soup version 0.29.1-2-gbd0b4ee654 (webtiles) character file.

Game seed: 301491108266339923

1 H0rd4k the Charlatan (level 1, -1/13 HPs)
             Began as an Octopode Artificer on Nov 30, 2022.
             Slain by a gnoll
             ... wielding a +0 spear
              (6 damage)
             ... on level 1 of the Dungeon.
             The game lasted 00:00:14 (66 turns).

H0rd4k the Charlatan (Octopode Artificer)             Turns: 66, Time: 00:00:15

Health: -1/13      AC:  1    Str: 11    XL:     1   Next: 20%
Magic:  1/1        EV: 13    Int: 13    God:
Gold:   0          SH:  0    Dex: 12    Spells: 0/0 levels left

rFire   . . .      SeeInvis .   (no weapon)
rCold   . . .      Faith    .   (no shield)
rNeg    . . .      Spirit   .   (helmet restricted)
rPois   .          Reflect  .   (no amulet)
rElec   .          Harm     .   (no ring)
rCorr   .          Rampage  .   (no ring)
Will    .....                   (no ring)
Stlth   +++.......              (no ring)
HPRegen 0.04/turn               (no ring)
MPRegen 0.07/turn               (no ring)
                                (no ring)
                                (no ring)

@: no status effects
A: almost no armour, amphibious, 8 rings, camouflage 1, gelatinous body 1,
(nimble swimmer 1), tentacles
a: no special abilities


You were on level 1 of the Dungeon.
You visited 1 branch of the dungeon, and saw 1 of its levels.

Inventory:

Wands
 b - a wand of flame (15) (quivered)
 c - a wand of charming (15)
 d - a wand of iceblast (5)


   Skills:
 * Level 1.0 Fighting
 - Level 2.3 Dodging
 - Level 1.3 Stealth
 * Level 0.2 Spellcasting
 - Level 3.2 Evocations


You couldn't memorise any spells.
You didn't know any spells.
Your spell library was empty.

Dungeon Overview and Level Annotations

Branches:
Dungeon (1/15)

Altars:


Innate Abilities, Weirdness & Mutations

You cannot wear most types of armour.
You are amphibious.
You can wear up to eight rings at the same time.
Your skin changes colour to match your surroundings (Stealth+).
Your rubbery body absorbs attacks. (AC +1, EV +1)
((You are camouflaged when in or above water. (Stealth+)))
You have tentacles for arms and can constrict up to eight enemies at once.


Message History

You tentacle-slap the rat but do no damage.
Your grab misses the rat. The rat bites you.
You tentacle-slap the rat but do no damage.
You grab the rat. You squeeze the rat.
You kill the rat!
No target in view!
No target in view!
No target in view!
HP restored.
A bat comes into view.
Found a scroll labelled WUUBOO EWKYIC.
A gnoll comes into view. It is wielding a +0 spear.
The bat hits you but does no damage.
There are monsters nearby!
You miss the bat. You grab the bat. You squeeze the bat, but do no damage.
You constrict the bat. The bat hits you but does no damage.
The bat closely misses you.
There are monsters nearby!
You barely miss the bat. You constrict the bat. The bat closely misses you.
The bat struggles to escape constriction.
The bat closely misses you.
There are monsters nearby!
You tentacle-slap the bat.
You kill the bat!
A gnoll is nearby!
A gnoll is nearby!
A gnoll is nearby!
A hobgoblin comes into view.
Found 12 gold pieces.
The gnoll shouts!
The hobgoblin shouts!
The gnoll barely misses you.
You barely miss the gnoll. You grab the gnoll. You constrict the gnoll.
The hobgoblin hits you.
A bat comes into view.
The gnoll hits you with a +0 spear.
You tentacle-slap the gnoll but do no damage.
The gnoll is lightly wounded.
You constrict the gnoll, but do no damage.
The gnoll hits you with a +0 spear.
You die...

#....# #....#.#
####....... #......#
.# ### #......# .#...
#......##.#.#
#..?........#
#g@....##†#####.
#bg.#+#.........
#...#.##.#######
.....+........># #
###.$.#........†#
##.##############...#
##..............##...#
#...##...##...#.##...#
#.........#.#.#....##


You could see a gnoll, a hobgoblin and a bat.

Vanquished Creatures
  A bat (D:1)
  A rat (D:1)
2 creatures vanquished.

Notes
Turn   | Place    | Note
-------+----------+-------------------------------------------
     0 | D:1      | H0rd4k the Octopode Artificer began the quest for the Orb.
     0 | D:1      | Reached XP level 1. HP: 13/13 MP: 1/1
    66 | D:1      | Slain by a gnoll

Illustrated notes

Levels and vault maps discovered:
D:1:      grunt_arrival_crossed_arrows, layout_basic

Action                   || total
-------------------------++-------
Melee: Unarmed           ||     7
       Constrict         ||     3
       Tentacles         ||     2
 Stab: Sleeping          ||     1
Armor: Skin              ||     2
Dodge: Dodged            ||     4
